 Dungeon Crawl Stone Soup version 0.20-a0-733-gf92fd71 (webtiles) character file.

2786 uglyjohn the Destroyer (level 9, -5/45 HPs)
             Began as a Deep Elf Fire Elementalist on Feb 22, 2017.
             Was a Believer of Vehumet.
             Slain by an ogre
             ... wielding a +0 giant club
              (27 damage)
             ... on level 7 of the Dungeon.
             The game lasted 00:22:08 (8951 turns).

uglyjohn the Destroyer (Deep Elf Fire Elementalist) Turns: 8951, Time: 00:22:09

Health: -5/45      AC:  4    Str:  5    XL:     9   Next: 43%
Magic:  20/23      EV: 13    Int: 24    God:    Vehumet [**....]
Gold:   292        SH:  0    Dex: 15    Spells: 9/25 levels left

rFire    . . .     SeeInvis .   z - +1 whip (venom)
rCold    . . .     Gourm    .   a - +1 robe
rNeg     . . .     Faith    .   (no shield)
rPois    .         Spirit   .   (no helmet)
rElec    .         Reflect  .   (no cloak)
rCorr    .         Harm     .   d - +0 pair of gloves
MR       .....                  (no boots)
Stlth    ++........             q - amulet of magic regeneration
Regen    0.2/turn               (no ring)
MPRegen  0.3/turn               p - +2 ring of slaying

@: no status effects
A: no striking features
a: Renounce Religion


You were on level 7 of the Dungeon.
You worshipped Vehumet.
Vehumet was pleased with you.
You were not hungry.

You visited 2 branches of the dungeon, and saw 8 of its levels.
You also visited: Ossuary.

You collected 292 gold pieces.

Inventory:

Hand Weapons
 j - a +1 dagger of speed
 z - a +1 whip of venom (weapon)
 F - a +0 quarterstaff
Armour
 a - a +1 robe (worn)
 d - a +0 pair of gloves (worn)
Jewellery
 p - a +2 ring of slaying (left hand)
 q - an amulet of magic regeneration (around neck)
 J - an uncursed ring of protection from cold {unknown}
Wands
 m - a wand of lightning (4/15)
 n - a wand of clouds (5/9)
 G - a wand of paralysis (13/24)
Scrolls
 f - 6 scrolls of immolation
 g - 4 scrolls of teleportation
 i - 2 scrolls of identify
 u - 4 scrolls of enchant weapon
 y - 2 scrolls of amnesia
 H - a scroll of enchant armour
Potions
 c - a potion of magic
 e - 3 potions of curing
 h - 2 potions of lignification
 k - a potion of berserk rage
 l - a potion of might
 r - 2 potions of heal wounds
 s - 3 potions of mutation
 w - a potion of flight {unknown}
 x - a potion of ambrosia {unknown}
 A - 2 potions of brilliance
 B - 2 potions of haste
 D - a potion of resistance {unknown}
Books
 b - a book of Flames

   Spells                             Type                      Level
   a - Flame Tongue                   Conjuration/Fire             1
   b - Throw Flame                    Conjuration/Fire             2
   c - Conjure Flame                  Conjuration/Fire             3
   d - Inner Flame                    Hexes/Fire                   3
   e - Sticky Flame                   Conjuration/Fire             4
   f - Fireball                       Conjuration/Fire             5
 v - a book of Changes

   Spells                             Type                      Level
   a - Beastly Appendage              Transmutation                1
   b - Sticks to Snakes               Transmutation                2
   c - Spider Form                    Transmutation/Poison         3
   d - Ice Form                       Ice/Transmutation            4
   e - Blade Hands                    Transmutation                5
 K - a book of Cantrips

   Spells                             Type                      Level
   a - Confusing Touch                Hexes                        1
   b - Animate Skeleton               Necromancy                   1
   c - Summon Small Mammal            Summoning                    1
   d - Apportation                    Translocation                1
Comestibles
 o - 9 fruits
 t - 6 meat rations
 C - 6 royal jellies
 E - 2 bread rations
 I - 2 chunks of flesh


   Skills:
 - Level 2.4 Dodging
 - Level 2.4 Stealth
 + Level 8.6 Spellcasting
 * Level 9.5 Conjurations
 + Level 7.3 Fire Magic
 + Level 4.7 Ice Magic


You had 9 spell levels left.
You knew the following spells:

 Your Spells              Type           Power        Failure   Level  Hunger
a - Flame Tongue          Conj/Fire      #####        1%          1    None
b - Conjure Flame         Conj/Fire      ######..     1%          3    None
c - Sticky Flame          Conj/Fire      ######..     1%          4    ##.....
d - Fireball              Conj/Fire      ######....   6%          5    ####...
e - Freeze                Ice            ####         1%          1    None
f - Animate Skeleton      Necr           N/A          8%          1    None
g - Summon Small Mammal   Summ           ##..         8%          1    None


Dungeon Overview and Level Annotations

Branches:
Dungeon (7/15)             Temple (1/1) D:5

Altars:
Ashenzari
Cheibriados
Fedhas
Gozag
Hepliaklqana
Makhleb
Nemelex Xobeh
Okawaru
Qazlal
Ru
Sif Muna
Trog
Vehumet
Wu Jian
Yredelemnul
Zin
The Shining One

Shops:
D:5 *


Message History

Unknown command.
Found a pair of boots and 10 gold pieces.
The ogre shouts!
You see here 10 gold pieces.
You now have 292 gold pieces (gained 10).
The ogre hits you with a giant club!!
Casting: Freeze
Confirm with . or Enter, or press ? or * to list all spells.
Aiming: Sticky Flame
Press: ? - help, Shift-Dir - straight line, f - ogre
Aim: an ogre, wielding a giant club The sticky flame hits the ogre.
The ogre is moderately wounded.
The ogre is covered in liquid flames!
The ogre burns!
The ogre burns!
The ogre barely misses you.
The ogre burns!
The ogre stops burning.
A gnoll comes into view. It is wielding a hand axe.
The ogre hits you with a giant club!!
Ouch! That really hurt!
You die...

##..#......# ##.#.#
##.#.### # .# g#
...#...# .##.# .#
######.# ...# .#
#.#.####.####.# #.#
..........# ## #.#
#......[.#
.#####)####.....@..#
...##..........O...#
##.#.....##........###
#.......##............
##.#.....##.......####.#
...#....###########
####<####
......#########
.###..........#


You could see an ogre.

Vanquished Creatures
  Grinder (D:6)
  Sigmund (D:6)
  Menkaure (D:5)
  Duvessa (D:6)
  A sky beast (D:6)
  4 ogres
  A centaur (D:6)
  4 bullfrogs (D:6)
  Dowan (D:6)
  3 scorpions
  An electric eel (D:6)
  2 howler monkeys (D:7)
  6 crimson imps
  A centaur skeleton (D:6)
  4 orc priests
  3 hounds
  5 orc wizards
  A bullfrog skeleton (D:5)
  4 iguanas
  7 worker ants
  A hound zombie (D:6)
  3 mummies (Ossuary)
  A worker ant zombie (D:2)
  4 adders
  4 gnolls (D:3)
  3 oozes
  5 adder zombies
  3 worms
  A dart slug (D:1)
  5 leopard geckos
  14 orcs
  11 bats
  A bat zombie (D:2)
  7 giant cockroaches
  4 goblins
  5 hobgoblins
  6 jackals
  8 kobolds
  2 quokkas
  A ball python (D:6)
  6 frilled lizards
  A giant cockroach zombie (D:5)
  3 goblin zombies (Ossuary)
  2 hobgoblin zombies (Ossuary)
  A jackal zombie (D:2)
  4 kobold zombies (Ossuary)
  A leopard gecko skeleton (D:2)
  6 quokka zombies
  4 rats
  A rat zombie (Ossuary)
170 creatures vanquished.

Vanquished Creatures (others)
  A plant (D:3)
1 creature vanquished.

Grand Total: 171 creatures vanquished

Notes
Turn   | Place    | Note
-------+----------+-------------------------------------------
     0 | D:1      | uglyjohn the Deep Elf Fire Elementalist began the quest for the Orb.
     0 | D:1      | Reached XP level 1. HP: 10/10 MP: 6/6
   383 | D:1      | Reached XP level 2. HP: 15/15 MP: 5/8
   415 | D:1      | Reached skill level 2 in Conjurations
  1175 | D:2      | Reached XP level 3. HP: 13/19 MP: 10/10
  1268 | D:2      | Learned a level 3 spell: Conjure Flame
  1272 | D:2      | Found a stormy altar of Qazlal.
  1660 | D:2      | Reached skill level 3 in Conjurations
  1660 | D:2      | Reached XP level 4. HP: 11/24 MP: 3/12
  2637 | D:3      | Learned a level 4 spell: Sticky Flame
  2850 | D:3      | Reached XP level 5. HP: 28/28 MP: 10/13
  3021 | D:3      | Reached skill level 4 in Conjurations
  3348 | D:3      | Found a burning altar of Makhleb.
  3886 | D:4      | Reached skill level 5 in Spellcasting
  3924 | D:4      | Reached XP level 6. HP: 32/32 MP: 9/15
  3954 | D:4      | Learned a level 5 spell: Fireball
  4012 | D:4      | Reached skill level 5 in Conjurations
  4254 | D:4      | Found a sacrificial altar of Ru.
  4259 | D:4      | Reached skill level 5 in Fire Magic
  4687 | D:4      | Reached XP level 7. HP: 29/36 MP: 8/17
  5334 | D:5      | Entered Level 5 of the Dungeon
  5334 | D:5      | Noticed Menkaure
  5337 | D:5      | Found Gozag's Platinum Reserve.
  5338 | D:5      | Found a staircase to the Ecumenical Temple.
  5343 | Temple   | Entered the Ecumenical Temple
  5381 | Temple   | Became a worshipper of Vehumet
  5530 | D:5      | Found a sand-covered staircase.
  5539 | Ossuary  | Entered an ossuary
  5541 | Ossuary  | Reached skill level 6 in Conjurations
  5819 | Ossuary  | Reached * piety under Vehumet
  5819 | Ossuary  | Offered knowledge of Freeze by Vehumet.
  5890 | Ossuary  | Learned a level 1 spell: Freeze
  6074 | D:5      | Found an opulent altar of Gozag.
  6081 | D:5      | Reached skill level 1 in Ice Magic
  6102 | D:5      | Killed Menkaure
  6247 | D:5      | Reached skill level 7 in Conjurations
  6704 | D:5      | Reached XP level 8. HP: 41/41 MP: 10/20
  6769 | D:6      | HP: 2/41 [orc priest/divine providence (11)]
  7380 | D:6      | Noticed Sigmund
  7386 | D:6      | Killed Sigmund
  7400 | D:6      | Reached skill level 8 in Conjurations
  7611 | D:6      | Noticed Grinder
  7622 | D:6      | Killed Grinder
  7640 | D:6      | Noticed Dowan
  7705 | D:6      | Noticed Duvessa
  7712 | D:6      | Killed Duvessa
  7712 | D:6      | Reached XP level 9. HP: 35/45 MP: 14/22
  7716 | D:6      | Killed Dowan
  8252 | D:6      | Reached skill level 9 in Conjurations
  8721 | D:7      | Offered knowledge of Throw Frost by Vehumet.
  8769 | D:7      | Found a deep blue altar of Sif Muna.
  8769 | D:7      | Found a glowing silver altar of Zin.
  8832 | D:7      | Reached ** piety under Vehumet
  8881 | D:7      | Learned a level 1 spell: Animate Skeleton
  8883 | D:7      | Learned a level 1 spell: Summon Small Mammal
  8951 | D:7      | Slain by an ogre

Vault maps used:
D:1:      dpeg_arrival_rhombus, lemuel_old_faithful
D:2:      old_standard_altar, serial_undead, serial_undead_f, serial_undead_c,
          serial_undead_a, serial_undead_a
D:3:      makhleb_heckhound_becter, chequers_big_river
D:4:      nicolae_ru_the_path_less_chosen
D:5:      nicolae_gozag_zags_fifth_avenue, minmay_temple_entry_large_hall,
          chequers_ossuary_entry_cave, first_bread, uniq_menkaure
D:6:      serial_bayou_pond_d, minivault_4, uniq_duvessa, uniq_grinder,
          uniq_sigmund
D:7:      lemuel_bear_cage, lemuel_round_altar,
          gammafunk_temple_overflow_statue, enter_bailey_7, uniq_pikel
Temple:   eino_wide_crystal_templ
Ossuary:  ossuary_minmay_chase

Skill      XL: |  1  2  3  4  5  6  7  8  9 |
---------------+----------------------------+-----
Conjurations   | 2 3 4 5 7 8 9 |  9.5
Spellcasting   | 4 5 6 7 8 |  8.6
Fire Magic     | 4 5 6 7 |  7.3
Ice Magic      | 2 4 |  4.7
Dodging        | |  2.4
Stealth        | |  2.4

Action                   |  1- 3 |  4- 6 |  7- 9 || total
-------------------------+-------+-------+-------++-------
Melee: Dagger            |    28 |     9 |       ||    37
       Whip              |       |     6 |    38 ||    44
 Cast: Flame Tongue      |    58 |   124 |   138 ||   320
       Conjure Flame     |       |     2 |     1 ||     3
       Sticky Flame      |       |     1 |    29 ||    30
       Freeze            |       |       |    11 ||    11
  Use: Scroll            |     1 |     2 |    14 ||    17
       Potion            |       |       |     1 ||     1
 Stab: Sleeping          |       |     1 |       ||     1
       Distracted        |       |       |     1 ||     1
  Eat: Chunk             |     2 |     9 |    11 ||    22
       Bread ration      |       |       |     1 ||     1
Armor: Robe              |     8 |     8 |    18 ||    34
Dodge: Dodged            |    28 |    42 |    78 ||   148
